 Dungeon Crawl Stone Soup version 0.29.1-15-g9cfb28693d (webtiles) character file.

Game seed: 7154118060296677885

6779 kingofthe the Nimble (level 11, -4/61 HPs)
             Began as an Octopode Conjurer on Mar 3, 2023.
             Was a Follower of Sif Muna.
             Slain by a shadow (12 damage)
             ... on level 9 of the Dungeon on Mar 4, 2023.
             The game lasted 01:00:49 (14683 turns).

kingofthe the Nimble (Octopode Conjurer)           Turns: 14683, Time: 01:00:49

Health: -4/61      AC:  1    Str: 23    XL:     11   Next: 5%
Magic:  12/21      EV: 17    Int: 21    God:    Sif Muna [*.....]
Gold:   699        SH:  0    Dex: 15    Spells: 9/23 levels left

rFire   . . .      SeeInvis .   a - +6 dagger of Gotoefaz {drain, rElec Str+5}
rCold   . . .      Faith    .   (no shield)
rNeg    . . .      Spirit   .   (helmet restricted)
rPois   .          Reflect  .   F - amulet of the acrobat
rElec   +          Harm     .   S - +6 ring of strength
rCorr   .          Rampage  .   s - +6 ring of strength
Will    .....                   (no ring)
Stlth   +++++.....              (no ring)
HPRegen 0.20/turn               (no ring)
MPRegen 0.17/turn               (no ring)
                                (no ring)
                                (no ring)

@: very slightly contaminated
A: almost no armour, amphibious, 8 rings, camouflage 1, gelatinous body 1,
(nimble swimmer 1), tentacles
a: Renounce Religion, Channel Magic


You were on level 9 of the Dungeon.
You worshipped Sif Muna.
Sif Muna was aware of your devotion.
You visited 2 branches of the dungeon, and saw 10 of its levels.

You collected 699 gold pieces.


Innate Abilities, Weirdness & Mutations

You cannot wear most types of armour.
You are amphibious.
You can wear up to eight rings at the same time.
Your skin changes colour to match your surroundings (Stealth+).
Your rubbery body absorbs attacks. (AC +1, EV +1)
((You are camouflaged when in or above water. (Stealth+)))
You have tentacles for arms and can constrict up to eight enemies at once.


   Skills:
 * Level 8.7 Dodging
 - Level 8.0 Stealth
 + Level 6.6 Spellcasting
 + Level 7.5 Conjurations
 + Level 6.7 Hexes
 - Level 5.0 Fire Magic
 * Level 2.0 Earth Magic
 * Level 2.4 Invocations


You had 9 spell levels left.
You knew the following spells:

 Your Spells              Type           Power      Damage    Failure   Level
a - Magic Dart            Conj           100%       1d8       1%          1
b - Searing Ray           Conj           76%        2d7       1%          2
c - Fulminant Prism       Conj/Hex       18%        3d11      4%          4
d - Sticky Flame          Conj/Fire      33%        2d5       7%          4
e - Stone Arrow           Conj/Erth      54%        3d10      3%          3

Your spell library contained the following spells:

 Spells                   Type           Power      Damage    Failure   Level
 Dazzling Flash           Conj/Hex       74%        N/A       1%          3
 Static Discharge         Conj/Air       22%        3-6/arc   3%          2
 Sandblast                Erth           30%        2d9       4%          1
 Passwall                 Tmut/Erth      9%         N/A       9%          2
 Iskenderun's Mystic Bla  Conj/Tloc      22%        2d6       19%         4
 Dispel Undead            Necr           7%         3d8       65%         4

Inventory:

Hand Weapons
 a - the +6 dagger of Gotoefaz (weapon) {drain, rElec Str+5}
   (You found it on level 6 of the Dungeon)

   A truly terrible weapon, it drains the life of any living foe it strikes.
   Str:       It affects your strength (+5).
   rElec:     It insulates you from electricity.
 b - a +2 spectral quarterstaff
 w - a +2 rapier of holy wrath
 x - a +1 vampiric lajatang
 E - a +4 spear
 I - a +3 trident
 K - a +2 spear of venom
Missiles
 z - 18 boomerangs of dispersal {=f}
Jewellery
 n - an amulet of regeneration
 s - a +6 ring of strength (right tentacle)
 F - an amulet of the acrobat (around mantle)
 S - a +6 ring of strength (left tentacle)
Wands
 t - a wand of light (12)
 J - a wand of iceblast (6)
Scrolls
 c - 2 scrolls of identify {@r1}
 d - a scroll of fog {unknown}
 e - 2 scrolls of fear {unknown}
 j - 2 scrolls of enchant armour
 o - 3 scrolls of teleportation {@r2}
 p - 2 scrolls of amnesia
 r - 2 scrolls of torment
 u - 3 scrolls of enchant weapon
 y - 2 scrolls of noise
 A - a scroll of magic mapping {unknown}
 B - a scroll of vulnerability {unknown}
 C - a scroll of immolation {unknown}
 D - 2 scrolls of poison {unknown}
 H - a scroll of blinking {unknown}
Potions
 f - 4 potions of haste {@q3}
 g - 4 potions of ambrosia
 h - a potion of flight
 i - 11 potions of degeneration
 k - a potion of magic
 l - a potion of might
 m - 5 potions of mutation
 v - 2 potions of curing {@q1}
 G - a potion of lignification

Dungeon Overview and Level Annotations

Branches:
Dungeon (9/15)             Temple (1/1) D:7             Orc (0/2) D:9
   Lair: D:8-11

Altars:
Ashenzari
Cheibriados
Dithmenos
Elyvilon
Fedhas
Gozag
Hepliaklqana
Kikubaaqudgha
Makhleb
Nemelex Xobeh
Okawaru
Qazlal
Ru
Sif Muna
Trog
Uskayaw
Vehumet
Wu Jian
Xom
Yredelemnul
Zin
The Shining One

Shops:
D:7 [

Annotations:
D:5 1 runed translucent door, Crazy Yiuf
D:8 exclusion: downstairs

... #.# #.# #.# ######### #.#
######### #.....[.####.# #
#.......# #............###
#.#####.######.......###.....
#.##........@W†......###.####
#.##.##.######........##.# #
#.##.##.# #........##.#
#.......# #........##.#
####..### #####.......#
#......# ##.......# #.###..#
#.......# #.###..# #........
#.##...# #.✱..#..#.#


You could see a shadow.


Message History

Casting: Sticky Flame (dangerous; 7% risk of failure)
Confirm with . or Enter, or press ? or * to list all spells.
Aiming: Sticky Flame (dangerous; 7% risk of failure)
Press: ? - help, Shift-Dir - straight line, f/p - hornet
Aim: a hornet (almost dead, 100% to hit)
The sticky flame hits the hornet.
You kill the hornet!
Sif Muna accepts your kill.
You feel less invigorated.
The shadow strikes at you from the darkness!
* * * LOW HITPOINT WARNING * * *
Reactivating autopickup.
Your Earth Magic skill increases to level 2!
The shadow attacks as you move away! The shadow barely misses you.
You feel yourself speed up.
Casting: Sticky Flame (dangerous; 7% risk of failure)
Confirm with . or Enter, or press ? or * to list all spells.
Aiming: Fulminant Prism (dangerous; 4% risk of failure)
Press: ? - help, Dir - move target, f - shadow
Aim: a shadow
Okay, then.
Casting: Fulminant Prism (dangerous; 4% risk of failure)
Confirm with . or Enter, or press ? or * to list all spells.
Aiming: Sticky Flame (dangerous; 7% risk of failure)
Press: ? - help, Shift-Dir - straight line, f - shadow
Aim: a shadow (100% to hit)
The sticky flame hits the shadow.
The shadow is moderately damaged.
The shadow hits you!
You die...

Skill      XL: |  1  2  3  4  5  6  7  8  9 10 11 |
---------------+----------------------------------+-----
Spellcasting   | 3 4 5 6 |  6.6
Stealth        | 3 4 5 6 7 8 |  8.0
Dodging        | 3 4 5 7 8 |  8.7
Conjurations   | 5 6 7 |  7.5
Hexes          | 1 2 4 5 6 |  6.7
Fire Magic     | 1 3 5 |  5.0
Earth Magic    | 1 2 |  2.0
Invocations    | 2 |  2.4

Action                   |  1- 3 |  4- 6 |  7- 9 | 10-12 || total
-------------------------+-------+-------+-------+-------++-------
Melee: Unarmed           |     4 |       |       |       ||     4
       Constrict         |     2 |       |     3 |       ||     5
       Tentacles         |     1 |       |     4 |     5 ||    10
       Lajatang          |       |     2 |     8 |       ||    10
       Quarterstaff      |       |       |     2 |     7 ||     9
       Dagger            |       |       |     3 |    12 ||    15
 Cast: Magic Dart        |    29 |    89 |   117 |    83 ||   318
       Searing Ray       |     3 |    27 |    69 |    20 ||   119
       Fulminant Prism   |       |       |    12 |    53 ||    65
       Sticky Flame      |       |       |       |     8 ||     8
       Stone Arrow       |       |       |       |     3 ||     3
Invok: Channel Magic     |       |       |       |     1 ||     1
Evoke: Wand              |       |       |     1 |       ||     1
  Use: Scroll            |       |       |    13 |     3 ||    16
       Potion            |       |       |     1 |     2 ||     3
Armor: Skin              |       |     3 |     3 |     4 ||    10
Dodge: Dodged            |     5 |    26 |   116 |    96 ||   243

Levels and vault maps discovered:
D:1:      tarquinn_simple_flora_water_e, layout_basic,
          shapermc_ecumenical_altar_mp_urbaneastern, hangedman_decor_growths
D:2:      layout_loops_ring
D:3:      layout_rooms, fedhas_altar_4
D:4:      layout_basic, grunt_decor_one_mirror, corexii_checkpoint_a
D:5:      layout_basic, cheibrodos_ashenzari_chains,
          grunt_temple_overflow_holy_war, uniq_prince_ribbit1,
          uniq_crazy_yiuf_cottage, uniq_ijyb
D:6:      layout_cave_pools, overflow_temple_1_default, serial_column_ruins,
          column_ruins_hut, column_ruins_hut, column_ruins_columns_water,
          column_ruins_open_small, column_ruins_open_medium,
          column_ruins_columns_water, minmay_unpleasant_kobolds, uniq_eustachio
D:7:      layout_loops_ring, old_standard_altar, minmay_temple_entry_fiery,
          serial_shops, shop
D:8:      layout_basic, enter_bailey_7, minmay_misc_feat_tower,
          minmay_crystal_room, st_stairs_1
D:9:      layout_loops_cross, zombieorc1_lemuel, serial_shops,
          kennysheep_little_box
Temple:   nicolae_temple_slightly_damp_pantheon

Notes
Turn   | Place    | Note
-------+----------+-------------------------------------------
     0 | D:1      | kingofthe the Octopode Conjurer began the quest for the
                  | Orb.
     0 | D:1      | Reached XP level 1. HP: 11/11 MP: 3/3
    28 | D:1      | Found a faded altar of an unknown god.
   118 | D:1      | Reached XP level 2. HP: 11/17 MP: 0/5
   273 | D:1      | Learned a level 2 spell: Searing Ray
   379 | D:1      | Reached skill level 3 in Spellcasting
   491 | D:1      | Reached XP level 3. HP: 21/21 MP: 4/7
  1132 | D:2      | Reached skill level 3 in Stealth
  1215 | D:2      | Reached XP level 4. HP: 27/27 MP: 5/8
  2279 | D:3      | Reached XP level 5. HP: 31/31 MP: 6/10
  2491 | D:3      | Reached skill level 3 in Dodging
  2613 | D:3      | Found a blossoming altar of Fedhas.
  3205 | D:3      | Reached skill level 4 in Stealth
  3205 | D:3      | Reached skill level 4 in Spellcasting
  3205 | D:3      | Reached XP level 6. HP: 29/36 MP: 0/12
  3376 | D:4      | Reached skill level 5 in Conjurations
  3523 | D:4      | Noticed a black bear
  3529 | D:4      | Killed a black bear
  3591 | D:4      | Learned a level 4 spell: Fulminant Prism
  4363 | D:5      | Entered Level 5 of the Dungeon
  4418 | D:5      | Noticed Prince Ribbit
  4431 | D:5      | Killed Prince Ribbit
  4432 | D:5      | Reached skill level 4 in Dodging
  4432 | D:5      | Reached skill level 1 in Hexes
  4432 | D:5      | Reached XP level 7. HP: 41/41 MP: 0/13
  4605 | D:5      | Noticed Ijyb
  4611 | D:5      | Killed Ijyb
  4612 | D:5      | Reached skill level 5 in Stealth
  4612 | D:5      | Reached skill level 2 in Hexes
  5006 | D:5      | Found a runed translucent door.
  5007 | D:5      | Noticed Crazy Yiuf
  5086 | D:5      | Found a broken altar of Ashenzari.
  5135 | D:4      | HP: 2/41 [ogre/+0 giant club (11)]
  5142 | D:4      | Reached XP level 8. HP: 8/46 MP: 8/15
  5342 | D:5      | Reached skill level 5 in Dodging
  5573 | D:5      | Reached skill level 3 in Hexes
  5732 | D:5      | Found a basalt altar of Yredelemnul.
  5738 | D:5      | Found a glowing golden altar of the Shining One.
  5742 | D:5      | Noticed a profane servitor
  5756 | D:5      | Noticed an angel
  6011 | D:6      | Noticed Eustachio
  6021 | D:6      | Killed Eustachio
  6022 | D:6      | Reached skill level 5 in Spellcasting
  6192 | D:6      | Identified the +6 dagger of Gotoefaz {drain, rElec Str+5}
  6214 | D:6      | Reached skill level 6 in Stealth
  6265 | D:6      | Learned a level 4 spell: Sticky Flame
  6290 | D:6      | Found a shadowy altar of Dithmenos.
  6315 | D:6      | Reached skill level 6 in Conjurations
  6385 | D:6      | Reached skill level 4 in Hexes
  6392 | D:6      | Reached skill level 1 in Fire Magic
  6701 | D:6      | Reached XP level 9. HP: 51/51 MP: 8/16
  7006 | D:6      | Reached skill level 6 in Dodging
  7172 | D:7      | Reached skill level 2 in Fire Magic
  7473 | D:7      | Found a hazy altar of Hepliaklqana.
  8007 | D:7      | Reached skill level 5 in Hexes
  8183 | D:7      | Reached skill level 7 in Stealth
  9011 | D:7      | Found Noem's Armour Boutique.
  9104 | D:7      | Reached skill level 7 in Dodging
  9255 | D:7      | Found a staircase to the Ecumenical Temple.
  9348 | Temple   | Entered the Ecumenical Temple
  9486 | Temple   | Became a worshipper of Sif Muna the Loreminder
  9917 | D:8      | HP: 2/51 [poisoned by a water moccasin]
 10078 | D:8      | Reached skill level 3 in Fire Magic
 10078 | D:8      | Reached XP level 10. HP: 24/56 MP: 5/18
 10323 | D:8      | Reached skill level 6 in Spellcasting
 10323 | D:8      | Reached skill level 6 in Hexes
 10870 | D:8      | Noticed a two-headed ogre
 11758 | D:8      | Killed a two-headed ogre
 11759 | D:8      | Reached skill level 8 in Stealth
 11759 | D:8      | Reached skill level 7 in Conjurations
 11759 | D:8      | Reached skill level 4 in Fire Magic
 11875 | D:8      | Reached skill level 8 in Dodging
 12834 | D:9      | Noticed a tengu warrior
 13250 | D:8      | Learned a level 3 spell: Stone Arrow
 13626 | D:9      | Reached * piety under Sif Muna
 13978 | D:9      | Reached skill level 5 in Fire Magic
 14116 | D:9      | Killed a tengu warrior
 14117 | D:9      | Reached skill level 1 in Earth Magic
 14117 | D:9      | Reached skill level 1 in Invocations
 14240 | D:9      | Reached skill level 2 in Invocations
 14528 | D:9      | Found a staircase to the Orcish Mines.
 14533 | D:9      | Reached XP level 11. HP: 61/61 MP: 14/20
 14682 | D:9      | Reached skill level 2 in Earth Magic
 14683 | D:9      | Slain by a shadow

Vanquished Creatures
  A two-headed ogre (D:8)
  A tengu warrior (D:9)
  Prince Ribbit (D:5)
  A hornet (D:9)
  A wyvern (D:9)
  A shadow (D:9)
  Eustachio (D:6)
  3 yaks (D:8)
  A steam dragon (D:7)
  A water moccasin (D:8)
  3 orc warriors
  2 black bears
  A sky beast (D:7)
  An ogre (D:4)
  6 centaurs
  2 phantoms
  6 kobold brigands
  2 bullfrogs
  A necrophage (D:6)
  2 scorpions
  11 wights
  A troll zombie (D:9)
  9 killer bees
  A howler monkey (D:9)
  An electric eel (D:6)
  2 jellies (D:6)
  4 hounds
  6 orc priests
  Ijyb (D:5)
  An iguana (D:5)
  6 orc wizards
  5 ogre zombies (D:9)
  14 gnolls
  14 adders
  4 shadow imps
  An ufetubus (D:6)
  2 worms
  3 dart slugs (D:1)
  26 orcs
  3 ball pythons
  2 endoplasms
  A giant cockroach (D:2)
  5 goblins
  6 hobgoblins
  24 kobolds
  2 quokkas
  5 bats
  A frilled lizard (D:2)
  A goblin skeleton (D:9)
  2 goblin zombies (D:9)
  A hobgoblin skeleton (D:9)
  2 hobgoblin zombies (D:9)
  6 orc skeletons (D:9)
  7 orc zombies (D:9)
  4 rats
222 creatures vanquished.

Vanquished Creatures (others)
  65 fulminant prisms
65 creatures vanquished.

Grand Total: 287 creatures vanquished

Table legend: (Time is in decaauts)
 A = Elapsed time spent in this place.
 B = Non-inter-level travel time spent in this place.
 C = Inter-level travel time spent in this place.
 D = Time resting spent in this place.
 E = Time spent auto-exploring this place.
 F = Levels seen in this place.
 G = Mean time per level.
                   A        B        C        D        E       F      G
               +--------+--------+--------+--------+--------+-----+--------+
         Total |  14714 |  13865 |    849 |   3324 |   8018 |  10 | 1471.4 |
       Dungeon |  14525 |  13694 |    831 |   3324 |   7868 |   9 | 1613.9 |
        Temple |    188 |    170 |     18 |      0 |    150 |   1 |  188.0 |
               +--------+--------+--------+--------+--------+-----+--------+

Top non-repeatable levels by time:
     D:8: 3432 daAuts
     D:7: 2074 daAuts
     D:6: 1625 daAuts
     D:5: 1523 daAuts
     D:9: 1338 daAuts
     D:2: 1295 daAuts
     D:4: 1244 daAuts
     D:3: 1031 daAuts
     D:1: 959 daAuts
  Temple: 188 daAuts

Table legend:
 A = Non-vault XP
 B = Vault XP
 C = Vault XP percentage of total XP
 D = Non-vault monster count
 E = Vault monster count
 F = Vault count percentage of total count
                 A         B        C        D         E       F
            +---------+---------+-------+---------+---------+-------
      Total |    7321 |    2364 |  24.4 |     177 |      45 |  20.3
            +---------+---------+-------+---------+---------+-------
        D:1 |      38 |       0 |   0.0 |      11 |       0 |   0.0
        D:2 |     107 |       0 |   0.0 |      21 |       0 |   0.0
        D:3 |     240 |       0 |   0.0 |      20 |       0 |   0.0
        D:4 |     351 |       5 |   1.4 |      14 |       2 |  12.5
        D:5 |     503 |     322 |  39.0 |      17 |       2 |  10.5
        D:6 |     690 |     496 |  41.8 |      18 |       7 |  28.0
        D:7 |    1511 |       0 |   0.0 |      30 |       0 |   0.0
        D:8 |    1803 |     976 |  35.1 |      28 |       6 |  17.6
        D:9 |    2078 |     565 |  21.4 |      18 |      28 |  60.9
            +---------+---------+-------+---------+---------+-------
